 Dungeon Crawl Stone Soup version 0.22-a0-580-gd5db89c (webtiles) character file.

46 sking99 the Firebug (level 3, -2/31 HPs)
             Began as an Ogre Fire Elementalist on July 2, 2018.
             Shot with an arrow by a centaur (7 damage)
             ... on level 3 of the Dungeon.
             The game lasted 00:06:08 (1828 turns).

sking99 the Firebug (Ogre Fire Elementalist)        Turns: 1828, Time: 00:06:08

Health: -2/31      AC:  3    Str: 12    XL:     3   Next: 68%
Magic:  4/7        EV: 10    Int: 17    God:
Gold:   79         SH:  0    Dex:  9    Spells: 2/8 levels left

rFire    . . .     SeeInvis .   (no weapon)
rCold    . . .     Gourm    .   (no shield)
rNeg     . . .     Faith    .   a - +0 robe
rPois    .         Spirit   .   (helmet restricted)
rElec    .         Reflect  .   (no cloak)
rCorr    .         Harm     .   (gloves unavailable)
MR       .....                  (boots unavailable)
Stlth    +.........             (no amulet)
HPRegen  0.10/turn              (no ring)
MPRegen  0.10/turn              (no ring)

@: no status effects
A: large, unfitting armour, tough skin 1
a: no special abilities


You were on level 3 of the Dungeon.
You were not hungry.

You visited 1 branch of the dungeon, and saw 3 of its levels.

You collected 79 gold pieces.

Inventory:

Hand Weapons
 f - a +0 whip
Armour
 a - a +0 robe (worn)
Jewellery
 j - an uncursed ring of wizardry {unknown}
 k - a +4 ring of intelligence {unknown}
Wands
 i - a wand of polymorph (14)
Scrolls
 b - 6 scrolls of identify {unknown}
 d - 2 scrolls of enchant armour {unknown}
 e - 2 scrolls of enchant weapon {unknown}
 h - a scroll of random uselessness {unknown}
Potions
 g - 2 potions of magic {unknown}
Comestibles
 c - 3 rations


   Skills:
 - Level 1.7 Dodging
 - Level 1.4 Stealth
 + Level 3.1 Spellcasting
 + Level 2.1 Conjurations
 + Level 3.1 Fire Magic


You had 2 spell levels left.
You knew the following spells:

 Your Spells              Type           Power        Failure   Level  Hunger
a - Flame Tongue          Conj/Fire      ##...        6%          1    None
b - Throw Flame           Conj/Fire      ##....       9%          2    ##.....
c - Conjure Flame         Conj/Fire      ##......     17%         3    ###....

Your spell library contained the following spells:

 Spells                   Type           Power        Failure   Level  Hunger
 Fireball                 Conj/Fire      ##........   85%         5    ######.
 Sticky Flame             Conj/Fire      ##......     50%         4    ####...
 Inner Flame              Hex/Fire       #.......     26%         3    ###....


Dungeon Overview and Level Annotations

Branches:
Dungeon (3/15)

Altars:
Trog
Uskayaw


Innate Abilities, Weirdness & Mutations

You are too large for most types of armour.
You have tough skin. (AC +1)


Message History

The arrow hits you.
Casting: Flame Tongue (safe; 6% risk of failure)
Confirm with . or Enter, or press ? or * to list all spells.
Aiming: Flame Tongue (safe; 6% risk of failure)
Press: ? - help, Shift-Dir - straight line, f/p - centaur
Aim: a centaur, wielding a shortbow (lightly wounded)
The flame tongue hits the centaur.
The centaur appears unharmed.
The centaur is lightly wounded.
The centaur shoots an arrow.
The arrow hits you!
Casting: Flame Tongue (safe; 6% risk of failure)
Confirm with . or Enter, or press ? or * to list all spells.
Aiming: Flame Tongue (safe; 6% risk of failure)
Press: ? - help, Shift-Dir - straight line, f/p - centaur
Aim: a centaur, wielding a shortbow (lightly wounded)
The flame tongue misses the centaur.
The centaur shoots an arrow.
The arrow hits you!
* * * LOW HITPOINT WARNING * * *
Unknown command.
The centaur shoots an arrow.
The arrow hits you!
You die...

#. #.# # ## #.#
#.# .# ...#.. #.#
..#
##.##.###.####..
............).
.......8....#####.
..........<...<.$.
.......8.....####.
..!)%..(@.....#
..._...8......#
..###..c......#
....#..###.#
.....##..# .#
...... #.># .#
...... .!.$ ......
####.


You could see a centaur.

Vanquished Creatures
  2 worms (D:2)
  A leopard gecko (D:1)
  4 bats
  2 giant cockroaches
  4 goblins (D:1)
  7 hobgoblins
  2 jackals (D:2)
  6 kobolds
  2 ball pythons (D:1)
  8 frilled lizards
  2 rats
40 creatures vanquished.

Notes
Turn   | Place    | Note
-------+----------+-------------------------------------------
     0 | D:1      | sking99 the Ogre Fire Elementalist began the quest for the Orb.
     0 | D:1      | Reached XP level 1. HP: 16/16 MP: 3/3
    45 | D:1      | Reached skill level 1 in Conjurations
   232 | D:1      | Reached XP level 2. HP: 24/24 MP: 2/5
   753 | D:1      | Reached XP level 3. HP: 23/31 MP: 0/7
   866 | D:1      | Learned a level 2 spell: Throw Flame
   870 | D:1      | Learned a level 3 spell: Conjure Flame
  1318 | D:2      | Found a bloodstained altar of Trog.
  1820 | D:3      | Found a hide-covered altar of Uskayaw.
  1820 | D:3      | Noticed a centaur
  1828 | D:3      | Shot with an arrow by a centaur

Vault maps used:
D:1:      giann_bridges, skrybe_limestone_x, serial_bayou_pond_d,
          minmay_misc_feat_encased, minmay_pentomino_u2
D:2:      lightli_temple_of_fire
D:3:      eat_drink_and_be_merry_uskayaw, first_ration

Skill      XL: |  1  2  3 |
---------------+----------+-----
Conjurations   | 1 2 |  2.1
Fire Magic     | 3 |  3.1
Spellcasting   | 3 |  3.1
Dodging        | |  1.7
Stealth        | |  1.4

Action                   || total
-------------------------++-------
Melee: Unarmed           ||    27
 Cast: Flame Tongue      ||    66
       Throw Flame       ||     2
  Eat: Chunk             ||     3
Armor: Robe              ||     9
Dodge: Dodged            ||    26

Table legend:
 A = Spawn XP
 B = Non-spawn XP
 C = Spawn XP percentage of total XP
 D = Spawn monster count
 E = Non-spawn monster count
 F = Spawn count percentage of total count
 G = Total turns spent on level
                    A         B        C        D         E        F      G
               +---------+---------+-------+---------+---------+-------+---------
         Total |       0 |      67 |   0.0 |       0 |      40 |   0.0 |  1828
               +---------+---------+-------+---------+---------+-------+---------
           D:1 |       0 |      36 |   0.0 |       0 |      25 |   0.0 |  1022
           D:2 |       0 |      31 |   0.0 |       0 |      15 |   0.0 |   798
               +---------+---------+-------+---------+---------+-------+---------
